Map: Apotheosis LE

Players

Polt - Winner!

  • Race: Terran Terran

PtitDrogo

  • Race: Protoss Protoss

Event: 2016 WCS Summer Circuit Championship (DH Montreal)

VOD

https://www.youtube.com/watch?v=TxqXscWS5Yk

Description

Time

  • Played on: Aug. 13, 2016, 8:09 p.m.
  • Length: 22:19

All games in this series

Show
View Real Time Build Order
Export as new Build Order

Polt Terran - Winner!

Build Orders: Reaper Expand, MMM Bio 

Get SALT Encoding   

  12  0:00  SCV  
  13  0:12  SCV  
  14  0:17  Supply Depot  
  14  0:25  SCV  
  15  0:39  SCV  
  15  0:40  Barracks  
  16  0:43  Refinery  
  16  0:51  SCV  
  17  1:03  SCV  
  18  1:15  SCV  
  19  1:27  Orbital Command  
  19  1:28  Reaper  
  20  1:40  Command Center  
  20  1:50  Supply Depot  
  20  1:52  SCV  
  21  2:00  Barracks Reactor  
  21  2:04  SCV  
  21  2:08  Barracks  
  22  2:16  SCV  
  23  2:23  Factory  
  23  2:28  SCV  
  24  2:30  Refinery  
  24  2:37  Marine x2  
  24  2:41  SCV  
  27  2:52  Orbital Command  
  27  2:53  SCV  
  27  2:55  Marine x2  
  30  3:06  SCV  
  30  3:09  Widow Mine, Starport  
  33  3:14  Barracks Tech Lab  
  33  3:16  Marine x2  
  33  3:19  SCV  
  36  3:21  SCV  
  37  3:27  Supply Depot  
  37  3:31  SCV  
  37  3:33  SCV  
  39  3:37  Marine x3  
  42  3:44  Supply Depot, SCV  
  42  3:45  SCV  
  46  3:51  Medivac, Stimpack  
  46  3:56  Factory Reactor, SCV  
  46  3:57  SCV  
  48  4:03  Engineering Bay  
  48  4:04  Marine x2  
  48  4:06  Marine  
  48  4:09  SCV  
  53  4:10  SCV  
  53  4:17  Supply Depot  
  53  4:21  SCV  
  53  4:22  Marine x2, SCV  
  59  4:24  Marauder  
  59  4:33  SCV  
  59  4:34  SCV  
  59  4:37  Supply Depot  
  40  4:38  Medivac x2  
  61  4:40  Refinery  
  65  4:45  Marine x2, SCV  
  65  4:46  Marine, SCV  
  65  4:52  Missile Turret  
  70  4:58  Refinery  
  70  4:59  SCV x2  
  72  5:01  Missile Turret  
  72  5:05  Marine x3, Barracks  
  75  5:13  SCV x2  
  77  5:19  Starport Reactor  
  77  5:26  Command Center  
  77  5:28  Supply Depot, SCV  
  77  5:33  SCV  
  78  5:40  Barracks  
  78  5:41  Barracks  
  78  5:49  Widow Mine, Marine x3  
  79  5:55  Liberator x2  
  73  6:07  SCV  
  73  6:08  SCV  
  73  6:09  Barracks Tech Lab, Marine x2, Marauder  
  74  6:14  Terran Infantry Weapons Level 1  
  80  6:19  SCV  
  80  6:20  SCV  
  80  6:21  Widow Mine  
  84  6:28  Sensor Tower  
  84  6:30  Starport  
  84  6:32  Barracks Tech Lab, Marauder  
  86  6:37  Marine x4  
  86  6:38  Liberator x2, Orbital Command, Marauder  
  92  6:45  Combat Shields, SCV x2  
  92  6:46  Concussive Shells  
  100  7:01  SCV  
  100  7:04  Refinery  
  100  7:05  Refinery  
  100  7:07  Supply Depot, SCV  
  100  7:08  Supply Depot  
  102  7:10  Supply Depot  
  102  7:14  Fusion Core  
  102  7:15  Starport Tech Lab  
  102  7:20  Liberator  
  101  7:23  Marauder x3  
  101  7:25  Liberator, Marine x2  
  101  7:29  Marine x2  
  111  7:32  SCV x2  
  111  7:33  SCV  
  111  7:35  Liberator  
  117  7:54  Marauder x2  
  117  7:55  Marauder  
  117  7:56  Marine x4  
  124  8:00  SCV x2  
  124  8:01  SCV  
  125  8:07  Liberator  
  91  8:15  Marine x2  
  91  8:16  Marine x2, Marauder x3  
  90  8:42  Marine x4, Marauder x3  
  90  8:47  Command Center  
  100  8:49  Advanced Ballistics  
  100  8:56  Liberator  
  100  8:58  Liberator  
  92  9:03  Marine x4  
  95  9:13  Liberator  
  95  9:22  SCV x2  
  95  9:23  Marine x2  
  95  9:24  Marine x5  
  107  9:43  Supply Depot  
  107  9:51  Marine x7  
  107  9:52  SCV x2  
  116  9:58  Liberator x2  
  116  9:59  Liberator  
  116  10:06  Refinery  
  116  10:12  SCV x2  
  118  10:17  Orbital Command  
  118  10:19  Marine x4, Marauder x3  
  136  10:32  SCV x2  
  138  10:40  Supply Depot x2  
  138  10:41  Supply Depot, Sensor Tower  
  141  10:52  Marauder x2  
  141  11:01  Marine x4, Medivac x2  
  141  11:02  Marauder  
  141  11:03  Medivac  
  153  11:17  Orbital Command  
  151  11:19  Liberator  
  151  11:28  Marine x4, Marauder x3  
  161  11:39  Liberator  
  164  11:40  Refinery  
  164  11:46  Refinery  
  163  12:00  Marine x3  
  165  12:15  Marine  
  165  12:16  Liberator  
  165  12:27  Marine  
  165  12:33  Viking, Marine x3  
  165  12:34  Marauder x3  
  176  12:39  Viking  
  176  12:41  Command Center  
  172  12:45  Marine  
  172  12:51  Marine x3  
  164  12:55  Marauder x3  
  160  13:03  Viking, Marine  
  155  13:09  Marine x3  
  155  13:12  Viking  
  152  13:16  Viking, Marine, Marauder x2  
  146  13:21  Marine  
  146  13:26  Marine x2  
  146  13:27  Marine  
  134  13:33  Viking  
  134  13:34  Marine  
  137  13:37  Marine x2  
  137  13:38  Marine  
  140  13:42  Viking  
  140  13:43  Armory  
  140  13:44  Marine x3  
  140  13:45  Engineering Bay  
  140  13:46  Viking  
  140  13:47  Starport  
  147  14:03  Viking  
  147  14:12  Viking  
  147  14:16  Viking  
  149  14:19  SCV x3  
  149  14:22  Liberator  
  151  14:24  Liberator  
  151  14:27  Terran Infantry Armor Level 1, Barracks  
  151  14:28  Barracks x2  
  151  14:29  Liberator  
  147  14:37  Viking  
  138  15:09  Viking  
  137  15:20  Terran Infantry Weapons Level 2  
  136  15:22  Viking  
  136  15:24  Viking  
  138  15:29  Viking  
  138  15:32  Missile Turret  
  139  15:37  Planetary Fortress  
  139  15:41  Missile Turret  
  137  15:44  Missile Turret, SCV  
  136  15:50  SCV  
  136  15:52  SCV  
  137  16:00  Medivac  
  133  16:13  SCV x3  
  132  16:20  SCV  
  132  16:25  SCV x3  
  136  16:29  Medivac  
  136  16:32  SCV  
  139  16:39  Terran Infantry Armor Level 2  
  139  16:44  SCV  
  140  16:53  Viking x3  
  144  17:05  SCV x2  
  144  17:06  SCV x2  
  148  17:08  Terran Ship Weapons Level 1  
  148  17:17  SCV  
  142  17:35  Marine x4, Marauder x3  
  133  17:46  Marine x3  
  130  17:53  Marine  
  124  18:07  Medivac x2  
  115  18:32  Marine x7, Marauder x3  
  128  18:36  SCV x2  
  128  18:40  Orbital Command  
  109  19:19  Liberator x4  
  89  19:33  Marine x7, Marauder x3  
  99  19:48  SCV x3  
  102  20:00  Bunker  
  102  20:02  Liberator x2  
  103  20:22  Marine x7  
  104  20:37  Engineering Bay  
  78  21:30  SCV x3  
Show
View Real Time Build Order
Export as new Build Order

PtitDrogo Protoss 

Build Orders: 1 Gate Expand, Blink Stalkers 

Get SALT Encoding   

  12  0:00  Probe (Chrono Boost)  
  13  0:11  Probe (Chrono Boost)  
  14  0:18  Pylon  
  14  0:22  Probe (Chrono Boost)  
  15  0:36  Probe (Chrono Boost)  
  15  0:37  Gateway  
  16  0:46  Probe (Chrono Boost)  
  16  0:48  Assimilator  
  18  0:57  Probe (Chrono Boost)  
  18  1:07  Probe (Chrono Boost)  
  19  1:20  Nexus  
  19  1:22  Probe (Chrono Boost)  
  20  1:34  Cybernetics Core  
  20  1:36  Probe (Chrono Boost)  
  21  1:41  Assimilator  
  21  1:47  Probe (Chrono Boost)  
  21  1:52  Pylon  
  22  1:57  Probe (Chrono Boost)  
  23  2:10  Mothership Core (Chrono Boost)  
  23  2:11  Adept  
  27  2:22  Warp Gate  
  27  2:29  Probe (Chrono Boost)  
  28  2:35  Probe (Chrono Boost)  
  29  2:39  Probe (Chrono Boost)  
  30  2:45  Robotics Facility  
  30  2:47  Probe (Chrono Boost)  
  30  2:50  Probe (Chrono Boost)  
  32  2:58  Probe (Chrono Boost), Twilight Council  
  33  3:00  Probe (Chrono Boost)  
  34  3:09  Probe (Chrono Boost)  
  34  3:11  Probe (Chrono Boost)  
  36  3:15  Gateway  
  36  3:17  Gateway  
  36  3:19  Probe (Chrono Boost)  
  37  3:21  Probe (Chrono Boost)  
  37  3:23  Blink  
  38  3:29  Pylon  
  38  3:30  Probe (Chrono Boost)  
  38  3:32  Observer, Assimilator  
  38  3:33  Probe (Chrono Boost)  
  42  3:42  Probe (Chrono Boost)  
  42  3:46  Probe (Chrono Boost)  
  43  3:54  Probe (Chrono Boost)  
  45  4:03  Observer  
  45  4:04  Probe (Chrono Boost)  
  45  4:09  Nexus  
  46  4:12  Probe (Chrono Boost), Pylon  
  49  4:24  Stalker x2  
  49  4:25  Probe (Chrono Boost)  
  49  4:26  Stalker  
  49  4:30  Pylon  
  55  4:32  Probe (Chrono Boost)  
  55  4:37  Probe (Chrono Boost)  
  56  4:43  Pylon  
  56  4:44  Probe (Chrono Boost)  
  57  4:47  Stalker x2  
  57  4:50  Stalker  
  64  4:54  Probe (Chrono Boost)  
  64  4:56  Probe (Chrono Boost)  
  65  5:01  Forge x2  
  65  5:06  Probe (Chrono Boost)  
  66  5:09  Probe (Chrono Boost)  
  66  5:10  Observer  
  68  5:14  Stalker x2  
  68  5:15  Stalker  
  68  5:20  Gateway  
  74  5:22  Protoss Ground Armor Level 1, Protoss Ground Weapons Level 1  
  74  5:27  Probe x2 (Chrono Boost)  
  77  5:28  Probe (Chrono Boost)  
  77  5:38  Pylon  
  77  5:40  Stalker  
  77  5:41  Stalker  
  81  5:45  Stalker  
  74  6:08  Stalker x3  
  81  6:11  Probe (Chrono Boost), Resonating Glaives  
  81  6:12  Gateway x2  
  81  6:15  Gateway x2  
  81  6:18  Gateway  
  81  6:21  Gateway  
  81  6:23  Probe (Chrono Boost)  
  81  6:24  Probe x2 (Chrono Boost), Assimilator  
  84  6:26  Assimilator  
  84  6:27  Warp Prism  
  86  6:37  Adept x2  
  86  6:39  Adept  
  92  6:46  Pylon  
  93  6:47  Probe (Chrono Boost)  
  93  6:54  Pylon  
  93  6:55  Probe (Chrono Boost), Pylon  
  93  6:57  Pylon  
  93  7:06  Probe (Chrono Boost)  
  94  7:10  Pylon  
  94  7:12  Pylon  
  94  7:13  Adept x8  
  110  7:16  Pylon  
  110  7:34  Adept x9  
  110  7:35  Adept  
  130  7:55  Adept  
  130  7:56  Adept x8  
  144  8:10  Stalker  
  118  8:17  Stalker x7  
  114  8:28  Protoss Ground Weapons Level 2, Protoss Ground Armor Level 2  
  92  8:44  Adept x8  
  92  8:45  Adept x2  
  68  9:20  Pylon, Nexus  
  68  9:25  Sentry x2  
  68  9:26  Adept x8  
  88  9:37  Dark Shrine  
  88  9:53  Stargate  
  88  9:59  Stalker x8  
  101  10:20  Probe (Chrono Boost)  
  102  10:21  Assimilator  
  102  10:26  Assimilator  
  102  10:32  Probe (Chrono Boost)  
  103  10:39  Fleet Beacon, Stargate  
  103  10:40  Stargate  
  103  10:41  Oracle  
  106  10:46  Pylon  
  107  10:57  Probe (Chrono Boost)  
  107  11:00  Assimilator  
  107  11:17  Adept x7  
  107  11:18  Adept x3  
  127  11:19  Tempest  
  127  11:20  Pylon x2  
  127  11:23  Tempest x2  
  137  11:43  Immortal  
  137  11:45  Adept x2  
  137  11:46  Adept  
  145  11:56  Tempest  
  145  12:00  Tempest  
  145  12:01  Tempest  
  153  12:09  Adept x4  
  153  12:13  Adept  
  159  12:33  Tempest  
  159  12:35  Adept x4  
  149  12:54  Adept x5  
  147  13:01  Stalker  
  130  13:15  Adept x4  
  130  13:18  Adept  
  122  13:22  Adept x2  
  122  13:25  Protoss Ground Weapons Level 3  
  116  13:30  Adept x2  
  116  13:31  Protoss Ground Armor Level 3  
  120  13:37  Assimilator  
  120  13:57  Sentry x2  
  120  13:58  Sentry x4  
  132  14:06  Dark Templar x2  
  136  14:16  Tempest x2  
  144  14:30  Stalker x2  
  144  14:32  Adept  
  144  14:34  Adept  
  148  14:58  Tempest x2  
  142  15:05  Adept x2  
  150  15:10  Dark Templar  
  150  15:16  Adept x2  
  150  15:20  Adept  
  142  15:35  Dark Templar  
  142  15:58  Nexus  
  130  16:24  Dark Templar x2  
  130  16:25  Dark Templar x3  
  138  16:32  Archon x2  
  138  16:35  Adept x2  
  142  16:44  Dark Templar  
  140  17:09  Dark Templar  
  137  17:34  Dark Templar x2  
  137  17:35  Adept x4  
  141  17:40  Archon  
  133  17:49  Adept x2  
  119  18:02  Adept  
  119  18:03  Adept x3  
  121  18:07  Pylon  
  121  18:11  Stalker x3  
  115  18:28  Adept x4  
  123  18:35  Stalker x2  
  123  18:36  Stalker  
  123  18:40  Assimilator x2  
  110  19:30  Stalker x7  
  83  19:53  Dark Templar  
  83  19:55  Adept x6  
  97  20:14  Nexus  
  96  20:39  Pylon  
  94  20:43  Stalker x6  
  82  21:17  Immortal  
  74  21:20  Sentry x3  
  74  21:21  Sentry x2  
  80  21:27  Sentry x2  
  78  21:43  Dark Templar x2  
  78  21:44  Adept  
  84  21:49  Archon  
  84  21:56  Adept  
  84  21:57  Adept x2  
Tags
 
Add a new tag
Caveats
  • Supply blocks, unpowered buildings, or Contaminate may cause inaccurate times.
  • Supply counts are checked every 10 seconds.